 Dungeon Crawl Stone Soup version 0.28.0-53-g5a82cb258f (webtiles) character file.

Game seed: 17556198663781109366

91 ndowd the Skirmisher (level 4, -1/42 HPs)
             Began as a Hill Orc Monk on Aug 13, 2022.
             Slain by an orc wizard
             ... wielding a +0 dagger
              (4 damage)
             ... on level 3 of the Dungeon.
             The game lasted 00:11:47 (2061 turns).

ndowd the Skirmisher (Hill Orc Monk)                Turns: 2061, Time: 00:11:47

Health: -1/42      AC:  2    Str: 15    XL:     4   Next: 59%
Magic:  4/4        EV: 16    Int: 10    God:
Gold:   49         SH:  0    Dex: 13    Spells: 2/3 levels left

rFire   . . .      SeeInvis .   b - +1 whip (vamp)
rCold   . . .      Faith    .   (no shield)
rNeg    . . .      Spirit   .   i - +0 robe
rPois   .          Reflect  .   (no helmet)
rElec   .          Harm     .   l - scarf {shadows}
rCorr   .          Rampage  .   (no gloves)
Will    .....                   (no boots)
Stlth   ++........              (no amulet)
HPRegen 0.14/turn               e - +4 ring of evasion
MPRegen 0.09/turn               (no ring)

@: hasted, very quick
A: no striking features
a: no special abilities


You were on level 3 of the Dungeon.
You visited 1 branch of the dungeon, and saw 3 of its levels.

You collected 49 gold pieces.

Inventory:

Hand Weapons
 a - a +0 hand axe
 b - a +1 vampiric whip (weapon)
 c - a +1 dagger of venom
 g - a +0 short sword
 n - a +0 vampiric dagger
 o - a +0 short sword
 s - a +0 vorpal spear
 t - a +0 hunting sling
Missiles
 d - 18 sling bullets
 f - 20 arrows
 h - 22 stones (quivered)
Armour
 i - a +0 robe (worn)
 l - a scarf of shadows (worn)
 p - a +0 ring mail
 q - a +0 leather armour
Jewellery
 e - a +4 ring of evasion (left hand)
Scrolls
 j - a scroll of fog
Potions
 k - a potion of attraction
 m - a potion of haste
 r - a potion of degeneration {unknown}
 u - a potion of heal wounds {unknown}


   Skills:
 + Level 5.1 Fighting
 - Level 5.0 Axes
 + Level 2.9 Dodging
 - Level 1.5 Stealth


You had 2 spell levels left.
You knew the following spells:

 Your Spells              Type           Power      Damage    Failure   Level
a - Slow                  Hex            0%         N/A       36%         1

Your spell library contained the following spells:

 Spells                   Type           Power      Damage    Failure   Level
 Confusing Touch          Hex            0%         N/A       75%         3
 Vampiric Draining        Necr           0%         2d6       75%         3
 Petrify                  Tmut/Erth      0%         N/A       98%         4
 Metabolic Englaciation   Hex/Ice        0%         N/A       100%        5
 Statue Form              Tmut/Erth      0%         N/A       100%        6


Dungeon Overview and Level Annotations

Branches:
Dungeon (3/15)

Altars:

Annotations:
D:2 Sigmund


Message History

You whack the orc!
You kill the orc!
A gnoll comes into view. It is wielding a +0 flail.
You hit the orc wizard but do no damage.
The orc wizard hits you with a +0 dagger.
You barely miss the orc wizard. The gnoll misses you.
The orc wizard closely misses you.
You closely miss the orc wizard. The gnoll misses you.
The orc wizard mumbles some strange words.
The orc wizard flickers and vanishes!
Deactivating autopickup; reactivate with Ctrl-A.
You barely miss something.
The gnoll hits you from afar with a +0 spear.
Something hits you.
You barely miss something.
The gnoll hits you from afar with a +0 spear!
Something hits you.
You hit something but do no damage.
The gnoll hits you from afar with a +0 spear.
You hit something. Something hits you. The gnoll barely misses you.
You hit something.
You feel better.
You hear some strange, mumbled words.
Something tries to affect you, but you resist.
The gnoll hits you from afar with a +0 spear.
* * * LOW HITPOINT WARNING * * *
You feel yourself speed up. Something barely misses you.
The gnoll closely misses you.
You closely miss something. Something hits you.
* * * LOW HITPOINT WARNING * * *
The gnoll completely misses you.
You barely miss something. Something hits you.
* * * LOW HITPOINT WARNING * * *
You hit something.
You feel better.
You barely miss something. Something hits you.
* * * LOW HITPOINT WARNING * * *
You closely miss something. Something barely misses you.
You closely miss something. You miss something.
Something hits you but does no damage.
You barely miss something. Something hits you.
You die...

######
#########g.....
......@{gog....
#########go..?.
###..# .#


You could see 4 gnolls and 2 orcs.

Vanquished Creatures
  Jessica (D:2)
  A worm (D:2)
  4 dart slugs
  An orc (D:3)
  4 bats
  4 endoplasms
  3 giant cockroaches (D:1)
  5 goblins
  5 hobgoblins
  6 quokkas
  5 ball pythons
  6 kobolds
  4 rats
49 creatures vanquished.

Vanquished Creatures (others)
  A fungus (D:1)
  5 plants (D:1)
6 creatures vanquished.

Grand Total: 55 creatures vanquished

Notes
Turn   | Place    | Note
-------+----------+-------------------------------------------
     0 | D:1      | ndowd the Hill Orc Monk began the quest for the Orb.
     0 | D:1      | Reached XP level 1. HP: 19/19 MP: 1/1
   277 | D:1      | Reached XP level 2. HP: 22/27 MP: 2/2
   375 | D:1      | Learned a level 1 spell: Slow
   382 | D:1      | Found a faded altar of an unknown god.
   924 | D:1      | Reached XP level 3. HP: 34/34 MP: 3/3
  1245 | D:2      | Reached skill level 5 in Axes
  1427 | D:2      | Noticed Jessica
  1455 | D:2      | Killed Jessica
  1456 | D:2      | Reached XP level 4. HP: 22/41 MP: 1/4
  1542 | D:2      | Reached skill level 5 in Fighting
  1859 | D:2      | Noticed Sigmund
  2061 | D:3      | Slain by an orc wizard

Illustrated notes

Levels and vault maps discovered:
D:1:      dpeg_arrival_more_subterranean_lakeside_camping, layout_loops_ring,
          shapermc_ecumenical_altar_mp_urbaneastern
D:2:      layout_rooms, uniq_jessica, uniq_sigmund
D:3:      layout_rooms, kennysheep_generic_room_10

Skill      XL: |  1  2  3  4 |
---------------+-------------+-----
Fighting       | 4 5 |  5.1
Axes           | 5 |  5.0
Dodging        | |  2.9
Stealth        | |  1.5

Action                   |  1- 3 |  4- 6 || total
-------------------------+-------+-------++-------
Melee: Hand axe          |    90 |     9 ||    99
       Punch             |     3 |       ||     3
       Whip              |    33 |    65 ||    98
Throw: Stone             |     3 |       ||     3
 Cast: Slow              |     2 |     1 ||     3
  Use: Scroll            |       |     4 ||     4
       Potion            |       |     3 ||     3
 Stab: Sleeping          |     4 |     1 ||     5
Armor: Robe              |    16 |    10 ||    26
Dodge: Dodged            |    80 |    57 ||   137
